 Dungeon Crawl Stone Soup version 0.31.0 (webtiles) character file.

Game seed: 7733034821454783903

829 Aldia the Chopper (level 7, -14/56 HPs)
             Began as a Gnoll Reaver on Jan 20, 2024.
             Was a Believer of Cheibriados.
             Demolished by an ogre
             ... wielding a +0 giant club
              (57 damage)
             ... on level 5 of the Dungeon.
             The game lasted 00:09:48 (4103 turns).

Aldia the Chopper (Gnoll Reaver)                    Turns: 4103, Time: 00:09:49

Health: -14/56     AC:  9    Str: 25    XL:     7   Next: 97%
Magic:  15/15      EV:  2    Int: 19    God:    Cheibriados [**....]
Gold:   247        SH:  0    Dex: 16    Spells: 11/17 levels left

rFire   . . .        o - +1 war axe
rCold   . . .        (no shield)
rNeg    . . .        f - +0 ring mail
rPois   .            (no helmet)
rElec   .            r - +0 cloak
rCorr   .            e - +0 pair of gloves
SInv    .            k - +0 pair of boots
Will    .....        p - amulet of faith
Stlth   ++           n - +6 ring of strength
HPRegen 0.29/turn    (no ring)
MPRegen 0.14/turn

%: faith
@: sleeping, very slow
A: fangs 1, strong nose, distributed training
a: Renounce Religion, Bend Time


You were on level 5 of the Dungeon.
You worshipped Cheibriados.
Cheibriados was pleased with you.
You visited 2 branches of the dungeon, and saw 6 of its levels.

You collected 247 gold pieces.

Inventory:

Hand Weapons
 a - a +0 hand axe
 l - a +0 sling
 m - a +0 whip of draining
 o - a +1 war axe (weapon)
Armour
 b - a +0 leather armour
 e - a +0 pair of gloves (worn)
 f - a +0 ring mail (worn)
 k - a +0 pair of boots (worn)
 r - a +0 cloak (worn)
Jewellery
 n - a +6 ring of strength (left hand)
 p - an amulet of faith (around neck)
Scrolls
 c - a scroll of noise {unknown}
 d - a scroll of revelation {unknown}
 g - 2 scrolls of fear
 t - 3 scrolls of enchant weapon
 u - a scroll of enchant armour {unknown}
 w - a scroll of teleportation
Potions
 h - a potion of attraction
 i - a potion of heal wounds
 j - a potion of haste {unknown}
 s - a potion of lignification {unknown}
 v - a potion of cancellation {unknown}


   Skills:
 + Level 5.5 Fighting
 + Level 2.9 Short Blades
 + Level 2.9 Long Blades
 + Level 7.2 Axes
 + Level 2.9 Maces & Flails
 + Level 2.9 Polearms
 + Level 2.9 Staves
 + Level 2.9 Ranged Weapons
 + Level 2.9 Throwing
 + Level 2.9 Armour
 + Level 5.5 Dodging
 + Level 2.9 Stealth
 + Level 2.9 Shields
 + Level 2.9 Unarmed Combat
 + Level 5.8 Spellcasting
 + Level 6.0 Conjurations
 + Level 2.3 Hexes
 + Level 2.3 Summonings
 + Level 2.3 Necromancy
 + Level 2.3 Translocations
 + Level 2.3 Fire Magic
 + Level 2.3 Ice Magic
 + Level 2.3 Air Magic
 + Level 2.3 Earth Magic
 + Level 2.3 Alchemy
 + Level 3.2 Invocations
 + Level 2.9 Evocations
 + Level 2.6 Shapeshifting


You had 11 spell levels left.
You knew the following spells:

 Your Spells              Type           Power      Damage    Failure   Level
a - Kiss of Death         Conj/Necr      84%        2d11      3%          1
b - Momentum Strike       Conj/Tloc      42%        3d9       4%          2
c - Hailstorm             Conj/Ice       21%        3d7       9%          3

Your spell library contained the following spells:

 Spells                   Type           Power      Damage    Failure   Level


Dungeon Overview and Level Annotations

Branches:
Dungeon (5/15)             Temple (1/1) D:4

Altars:
Ashenzari
Cheibriados
Dithmenos
Makhleb
Okawaru
Qazlal
Ru
Sif Muna
Uskayaw
Wu Jian
Xom
Yredelemnul
Zin


Innate Abilities, Weirdness & Mutations

You have very sharp teeth.
Your uncanny sense of smell can sniff out nearby items.
Your experience applies equally to all skills.


Message History

There is a stone staircase leading down here.
There is a stone staircase leading up here.
Found a scroll labelled JEMODAPRURGHI.
t - 4 scrolls labelled JEMODAPRURGHI (gained 1)
There is a stone staircase leading up here.
As you read the scroll labelled JEMODAPRURGHI, it crumbles to dust.
It is a scroll of enchant weapon.
Your +0 war axe glows red for a moment.
Okay, then.
Found 6 poisoned darts.
An adder comes into view.
The adder hisses angrily.
An ogre comes into view. It is wielding a +0 giant club.
The ogre moves out of view.
An adder is nearby!
The ogre shouts!
The adder bites you but does no damage.
A sleepcap comes into view.
The adder closely misses you.
You hit the adder. You punch the adder.
You kill the adder!
Cheibriados thoroughly appreciates the change of pace.
The ogre misses you.
You see here an adder corpse.
You slash the sleepcap!
The sleepcap is heavily damaged.
You slash the ogre! The sleepcap closely misses you.
The ogre barely misses you. The sleepcap misses you.
You slash the sleepcap!
The sleepcap is severely damaged.
You barely miss the ogre. The sleepcap barely misses you.
The ogre hits you with a +0 giant club!
You hit the sleepcap but do no damage.
The sleepcap is severely damaged.
You hit the ogre. The sleepcap releases spores at you.
You are engulfed in a cloud of soporific spores!
You fall asleep.
The ogre hits you with a +0 giant club!!!
Ouch! That really hurt!
You die...

########
......##
.......##
........#
#....(.
#....#
##fO.#
##.@.#
#...##
##..##
##..##
##..## ∆
##..##
##..## ..
###...#
...#
##.....###.


You could see an ogre and a sleepcap.

Vanquished Creatures
  A centaur (D:4)
  5 scorpions
  A howler monkey (D:4)
  An orc priest (D:4)
  3 bombardier beetles
  A hound (D:5)
  A sleepcap (D:5)
  An orc wizard (D:4)
  An iguana (D:4)
  4 gnolls
  5 adders
  6 ribbon worms
  2 dart slugs
  7 orcs
  5 bats
  5 endoplasms
  A giant cockroach (D:1)
  8 goblins
  11 hobgoblins
  4 jackals (D:5)
  6 kobolds
  6 quokkas
  7 ball pythons
  2 frilled lizards (D:1)
  4 rats
98 creatures vanquished.

Notes
Turn   | Place    | Note
-------+----------+-------------------------------------------
     0 | D:1      | Aldia the Gnoll Reaver began the quest for the Orb.
     0 | D:1      | Reached XP level 1. HP: 20/20 MP: 6/6
   181 | D:1      | Reached XP level 2. HP: 26/26 MP: 7/7
   605 | D:1      | Reached skill level 5 in Spellcasting
   605 | D:1      | Reached XP level 3. HP: 29/31 MP: 7/9
   761 | D:1      | Learned a level 2 spell: Momentum Strike
   765 | D:1      | Learned a level 3 spell: Hailstorm
   963 | D:2      | Reached skill level 1 in Invocations
  1157 | D:2      | Reached skill level 1 in Short Blades
  1157 | D:2      | Reached skill level 1 in Long Blades
  1157 | D:2      | Reached skill level 1 in Maces & Flails
  1157 | D:2      | Reached skill level 1 in Polearms
  1157 | D:2      | Reached skill level 1 in Staves
  1157 | D:2      | Reached skill level 1 in Ranged Weapons
  1157 | D:2      | Reached skill level 1 in Throwing
  1157 | D:2      | Reached skill level 1 in Armour
  1157 | D:2      | Reached skill level 1 in Stealth
  1157 | D:2      | Reached skill level 1 in Shields
  1157 | D:2      | Reached skill level 1 in Unarmed Combat
  1157 | D:2      | Reached skill level 1 in Evocations
  1360 | D:2      | Reached skill level 1 in Shapeshifting
  1360 | D:2      | Reached XP level 4. HP: 38/38 MP: 11/11
  1700 | D:2      | Reached skill level 1 in Hexes
  1700 | D:2      | Reached skill level 1 in Summonings
  1700 | D:2      | Reached skill level 1 in Necromancy
  1700 | D:2      | Reached skill level 1 in Translocations
  1700 | D:2      | Reached skill level 1 in Fire Magic
  1700 | D:2      | Reached skill level 1 in Ice Magic
  1700 | D:2      | Reached skill level 1 in Air Magic
  1700 | D:2      | Reached skill level 1 in Earth Magic
  1700 | D:2      | Reached skill level 1 in Alchemy
  1788 | D:3      | Found a snail-covered altar of Cheibriados.
  1822 | D:3      | Became a worshipper of Cheibriados the Contemplative
  1987 | D:3      | Reached XP level 5. HP: 43/43 MP: 12/12
  2589 | D:3      | Found a shimmering blue altar of Sif Muna.
  2728 | D:4      | Reached * piety under Cheibriados
  2729 | D:4      | Reached XP level 6. HP: 29/50 MP: 13/13
  2837 | D:4      | Reached skill level 5 in Fighting
  2837 | D:4      | Reached skill level 5 in Dodging
  2885 | D:4      | Reached skill level 7 in Axes
  2885 | D:4      | Reached XP level 7. HP: 38/56 MP: 15/15
  3176 | D:4      | Found a staircase to the Ecumenical Temple.
  3187 | Temple   | Entered the Ecumenical Temple
  3321 | D:4      | Reached ** piety under Cheibriados
  3674 | D:5      | Entered Level 5 of the Dungeon
  4103 | D:5      | Demolished by an ogre

Illustrated notes

Levels and vault maps discovered:
D:1:      denvon_arrival_planthouse, layout_loops_cross
D:2:      layout_loops_ring, minmay_tromino_i4
D:3:      layout_basic, slow_altar_1, nicolae_sif_muna_little_library
D:4:      kennysheep_six_static_rooms, layout_rooms, temple_statues,
          serial_bayou_pond_d
D:5:      minmay_thick_lines, layout_basic
Temple:   minmay_temple_curvy_loop

Skill      XL: |  1  2  3  4  5  6  7 |
---------------+----------------------+-----
Spellcasting   | 5 |  5.8
Invocations    | 1 2 3 |  3.2
Short Blades   | 1 2 |  2.9
Long Blades    | 1 2 |  2.9
Maces & Flails | 1 2 |  2.9
Polearms       | 1 2 |  2.9
Staves         | 1 2 |  2.9
Ranged Weapons | 1 2 |  2.9
Throwing       | 1 2 |  2.9
Armour         | 1 2 |  2.9
Stealth        | 1 2 |  2.9
Shields        | 1 2 |  2.9
Unarmed Combat | 1 2 |  2.9
Evocations     | 1 2 |  2.9
Shapeshifting  | 1 2 |  2.6
Hexes          | 1 2 |  2.3
Summonings     | 1 2 |  2.3
Necromancy     | 1 2 |  2.3
Translocations | 1 2 |  2.3
Fire Magic     | 1 2 |  2.3
Ice Magic      | 1 2 |  2.3
Air Magic      | 1 2 |  2.3
Earth Magic    | 1 2 |  2.3
Alchemy        | 1 2 |  2.3
Fighting       | 5 |  5.5
Dodging        | 5 |  5.5
Axes           | 7 |  7.2
Conjurations   | 6 |  6.0

Action                     |  1- 3 |  4- 6 |  7- 9 || total
---------------------------+-------+-------+-------++-------
  Melee: Hand axe          |   135 |       |       ||   135
         Bite              |    13 |    10 |     5 ||    28
         War axe           |     3 |   128 |    71 ||   202
         Punch             |       |     4 |     3 ||     7
    Use: Scroll            |     2 |     2 |     4 ||     8
         Potion            |       |     1 |     2 ||     3
   Stab: Sleeping          |     2 |     1 |     1 ||     4
 Armour: Leather armour    |    57 |    62 |       ||   119
         Ring mail         |       |    29 |    53 ||    82
  Dodge: Dodged            |    70 |    93 |    76 ||   239
